 Dungeon Crawl Stone Soup version 0.26.1-2-gb8aa6d0cf2 (webtiles) character file.

Game seed: 4585725411443169311

4490 pokeman the Thaumaturge (level 10, -1/53 HPs)
             Began as a Deep Elf Hedge Wizard on Feb 10, 2021.
             Was a Believer of Vehumet.
             Slain by an orc knight
             ... wielding a +0 trident
              (10 damage)
             ... in a bailey.
             The game lasted 00:26:40 (10249 turns).

pokeman the Thaumaturge (Deep Elf Hedge Wizard)    Turns: 10249, Time: 00:26:41

Health: -1/53      AC:  7    Str:  7    XL:     10   Next: 16%
Magic:  9/28       EV: 14    Int: 27    God:    Vehumet [**....]
Gold:   520        SH:  0    Dex: 24    Spells: 22/34 levels left

rFire    . . .     SeeInvis .   m - +2 mace (venom)
rCold    . . .     Faith    .   (no shield)
rNeg     . . .     Spirit   .   p - +0 leather armour
rPois    .         Reflect  .   r - +1 helmet
rElec    .         Harm     .   b - scarf {+Inv}
rCorr    .         Rampage  .   z - +0 pair of gloves "Jyoluor" {*Slow Int+4 Dex+4}
Will     +....                  q - +0 pair of boots
Stlth    ++........             d - amulet of regeneration
HPRegen  0.57/turn              D - ring of attention
MPRegen  0.21/turn              O - +6 ring of dexterity

@: very slightly contaminated
A: no striking features
a: Renounce Religion, Evoke Invisibility


You were in a bailey.
You worshipped Vehumet.
Vehumet was pleased with you.
You visited 2 branches of the dungeon, and saw 11 of its levels.
You also visited: Bailey.

You collected 520 gold pieces.

Inventory:

Hand Weapons
 m - a +2 mace of venom (weapon)
 F - a +0 shortbow
 J - a +0 hand crossbow
Missiles
 i - 106 arrows
 y - 38 bolts
 H - 3 curare-tipped darts
Armour
 b - a scarf of invisibility (worn)
 e - a scarf of shadows
 p - a +0 leather armour (worn)
 q - a +0 pair of boots (worn)
 r - a +1 helmet (worn)
 z - the +0 pair of gloves "Jyoluor" (worn) {*Slow Int+4 Dex+4}
   (You found it on level 5 of the Dungeon)

   It affects your intelligence (+4).
   It affects your dexterity (+4).
   It may slow you when you take damage.
 C - a +0 kite shield
Jewellery
 d - an amulet of regeneration (around neck)
 D - a ring of attention (left hand)
 O - a +6 ring of dexterity (right hand)
Wands
 o - a wand of disintegration (21)
 w - a wand of iceblast (24)
 G - a wand of digging (6)
 N - a wand of polymorph (5)
Scrolls
 a - 6 scrolls of teleportation
 g - 2 scrolls of fog
 j - 3 scrolls of remove curse
 l - 9 scrolls of identify
 s - a scroll of fear
 u - a scroll of magic mapping
 x - 2 scrolls of amnesia {unknown}
 A - 2 scrolls of noise {unknown}
 L - a scroll of summoning {unknown}
Potions
 c - a potion of berserk rage
 h - a potion of haste
 n - 2 potions of lignification {unknown}
 t - 4 potions of curing
 v - 2 potions of attraction {unknown}
 B - 2 potions of magic {unknown}
 E - 2 potions of degeneration {unknown}
 I - 2 potions of ambrosia {unknown}
 K - a potion of might {unknown}
 M - a potion of heal wounds {unknown}


   Skills:
 - Level 2.1 Fighting
 + Level 3.4 Armour
 - Level 4.0 Dodging
 - Level 3.0 Stealth
 - Level 2.0 Shields
 * Level 12.6 Spellcasting
 + Level 7.3 Conjurations
 - Level 1.1 Summonings
 - Level 1.1 Translocations
 + Level 6.5 Fire Magic
 - Level 1.1 Air Magic
 - Level 1.1 Poison Magic
 - Level 1.0 Evocations


You had 22 spell levels left.
You knew the following spells:

 Your Spells              Type           Power        Failure   Level
a - Magic Dart            Conj           100%         1%          1
b - Mephitic Cloud        Conj/Pois/Air  34%          3%          3
c - Call Imp              Summ           23%          4%          2
d - Blink                 Tloc           N/A          4%          2
e - Conjure Flame         Conj/Fire      53%          1%          3
f - Shock                 Conj/Air       100%         1%          1

Your spell library contained the following spells:

 Spells                   Type           Power        Failure   Level
 Slow                     Hex            17%          8%          2


Dungeon Overview and Level Annotations

Branches:
Dungeon (10/15)            Temple (1/1) D:6            Lair (0/6) D:9
 Bailey (1/1)
    Orc: D:9-12

Altars:
Ashenzari
Cheibriados
Dithmenos
Elyvilon
Kikubaaqudgha
Makhleb
Nemelex Xobeh
Sif Muna
Trog
Uskayaw
Vehumet
Wu Jian
Yredelemnul
Zin
The Shining One


Message History

The orc cries.
The orc hits the orc knight but does no damage.
The orc knight is engulfed in noxious fumes.
The orc knight shouts, "What's happening?!"
The orc is engulfed in noxious fumes.
The orc appears confused.
Unknown command.
Unknown command.
You catch the helpless orc knight completely off-guard!
You hit the orc knight but do no damage.
The orc knight looks as sick as possible!
The orc knight is lightly wounded.
The orc is engulfed in noxious fumes.
The orc appears confused.
Unknown command.
Unknown command.
You strike the helpless orc knight from behind!
You hit the orc knight but do no damage.
The orc knight looks as sick as possible!
The orc knight is lightly wounded.
The orc knight hits you with a +0 trident!
You die...

#### ##∩## ####
....##...##....
≈≈≈..#...#..≈≈≈
≈.≈≈.......≈≈o≈
.oo≈.......≈oo.
≈o≈≈.o.°°°.≈≈o≈
#..°# #(☼o#
##@## ###


You could see an orc knight (confused, extremely poisoned) and an orc
(confused).

Vanquished Creatures
  A two-headed ogre (D:9)
  A troll (D:9)
  A wyvern (D:9)
  A water moccasin (D:8)
  2 ice beasts
  A sky beast (D:6)
  A phantom (D:5)
  2 ogres
  A necrophage (D:5)
  2 wolves (D:9)
  3 centaurs
  2 big kobolds
  3 bullfrogs
  An elf skeleton (D:9)
  A wyvern skeleton (D:6)
  A scorpion (D:5)
  2 electric eels (D:9)
  3 wights (D:9)
  4 howler monkeys
  2 bullfrog zombies
  2 human zombies (D:9)
  14 hounds
  3 orc wizards
  An orc priest (D:6)
  2 jellies
  2 bullfrog skeletons (D:8)
  A centaur skeleton (D:4)
  3 human skeletons (D:9)
  6 iguanas
  6 worker ants
  A hound zombie (D:8)
  2 mummies (D:9)
  4 hound skeletons
  4 gnolls (D:6)
  A howler monkey skeleton (D:3)
  12 adders
  A shadow imp (D:5)
  5 white imps
  2 ufetubi
  3 oozes
  An adder skeleton (D:8)
  3 dart slugs
  5 leopard geckos
  23 orcs
  2 ball pythons
  6 bats
  3 giant cockroaches
  5 goblins
  6 hobgoblins
  12 jackals
  4 quokkas
  8 frilled lizards
  A jackal skeleton (D:4)
  7 kobolds
  A leopard gecko zombie (D:6)
  An orc skeleton (D:9)
  3 rats
201 creatures vanquished.

Vanquished Creatures (collateral kills)
  A wolf (D:9)
  An iguana (D:9)
  An orc (D:5)
3 creatures vanquished.

Grand Total: 204 creatures vanquished

Notes
Turn   | Place    | Note
-------+----------+-------------------------------------------
     0 | D:1      | pokeman the Deep Elf Hedge Wizard began the quest for the
                  | Orb.
     0 | D:1      | Reached XP level 1. HP: 10/10 MP: 7/7
   318 | D:1      | Reached XP level 2. HP: 15/15 MP: 5/9
   871 | D:1      | Reached skill level 5 in Spellcasting
  1227 | D:2      | Reached XP level 3. HP: 20/20 MP: 9/11
  1231 | D:2      | Learned a level 3 spell: Mephitic Cloud
  1234 | D:2      | Learned a level 2 spell: Call Imp
  1237 | D:2      | Learned a level 2 spell: Blink
  1241 | D:2      | Learned a level 3 spell: Conjure Flame
  1613 | D:2      | Reached skill level 1 in Fighting
  1613 | D:2      | Reached skill level 1 in Armour
  1933 | D:2      | Reached XP level 4. HP: 25/25 MP: 10/13
  2009 | D:2      | Found a shadowy altar of Dithmenos.
  2586 | D:2      | Found a glowing golden altar of the Shining One.
  3022 | D:3      | Reached skill level 1 in Fire Magic
  3132 | D:3      | Reached skill level 6 in Spellcasting
  3132 | D:3      | Reached XP level 5. HP: 25/29 MP: 6/15
  3197 | D:3      | Noticed an ogre
  3207 | D:3      | Killed an ogre
  3208 | D:3      | Reached skill level 1 in Air Magic
  3329 | D:3      | You fall into a shaft and drop 1 floor!
  3496 | D:4      | Reached XP level 6. HP: 34/34 MP: 14/17
  3568 | D:4      | Found a basalt altar of Yredelemnul.
  3568 | D:4      | Found a bloodstained altar of Trog.
  3568 | D:4      | Found a white marble altar of Elyvilon.
  3569 | D:4      | Found a burning altar of Makhleb.
  3873 | D:4      | Reached skill level 1 in Evocations
  4012 | D:4      | Reached skill level 7 in Spellcasting
  4012 | D:4      | Reached skill level 1 in Poison Magic
  4246 | D:5      | Entered Level 5 of the Dungeon
  4361 | D:5      | Reached XP level 7. HP: 38/38 MP: 0/20
  4775 | D:5      | Got a pair of heavily runed gloves
  4784 | D:5      | Identified the cursed +0 pair of gloves "Jyoluor" {*Slow
                  | Int+4 Dex+4} (You found it on level 5 of the Dungeon)
  4811 | D:5      | Reached skill level 8 in Spellcasting
  4905 | D:5      | Found a snail-covered altar of Cheibriados.
  5205 | D:6      | Reached XP level 8. HP: 40/44 MP: 3/22
  5568 | D:6      | Reached skill level 9 in Spellcasting
  5646 | D:6      | Found a white marble altar of Elyvilon.
  5933 | D:6      | Found a staircase to the Ecumenical Temple.
  5941 | Temple   | Entered the Ecumenical Temple
  6091 | Temple   | Became a worshipper of Vehumet
  6333 | D:7      | Reached skill level 5 in Conjurations
  7006 | D:7      | Reached skill level 1 in Shields
  7287 | D:8      | Reached skill level 10 in Spellcasting
  7448 | D:8      | Reached * piety under Vehumet
  7448 | D:8      | Offered knowledge of Freeze by Vehumet.
  7827 | D:8      | Reached XP level 9. HP: 42/48 MP: 19/25
  8190 | D:8      | Reached skill level 5 in Fire Magic
  8458 | D:8      | Reached skill level 11 in Spellcasting
  8818 | D:9      | Noticed a troll
  8843 | D:9      | Killed a troll
  9045 | D:9      | Offered knowledge of Shock by Vehumet.
  9048 | D:9      | Learned a level 1 spell: Shock
  9182 | D:9      | Reached skill level 12 in Spellcasting
  9233 | D:9      | Reached ** piety under Vehumet
  9316 | D:9      | Found a staircase to the Lair.
  9331 | D:9      | Noticed a two-headed ogre
  9341 | D:9      | Killed a two-headed ogre
  9342 | D:9      | Reached XP level 10. HP: 53/53 MP: 13/28
  9501 | D:9      | Found a snail-covered altar of Cheibriados.
  9501 | D:9      | Found an ornate altar of the Wu Jian Council.
  9504 | D:9      | Found a shimmering blue altar of Sif Muna.
  9506 | D:9      | Found a hide-covered altar of Uskayaw.
  9507 | D:9      | Found a broken altar of Ashenzari.
  9508 | D:9      | Found a glowing silver altar of Zin.
  9788 | D:9      | Found an ancient bone altar of Kikubaaqudgha.
 10194 | D:10     | Entered Level 10 of the Dungeon
 10222 | D:10     | Found a flagged portal.
 10228 | Bailey   | Entered a bailey
 10228 | Bailey   | Noticed an orc knight
 10236 | Bailey   | Noticed an orc knight
 10249 | Bailey   | Slain by an orc knight

Illustrated notes

Levels and vault maps discovered:
D:1:      wander_arrival_peaceful_grave, layout_loops_cross,
          chequers_serial_rivers_small_3
D:2:      layout_loops_corners, grunt_dithmenos_smoke,
          nicolae_overflow_hidden_temple, minivault_5
D:3:      layout_loops_ring
D:4:      layout_basic, chequers_temple_overflow_statue_of_worship
D:5:      layout_rooms, basic_altar
D:6:      layout_loops_ring, minmay_temple_entry_nine_rooms, lemuel_tele_altar
D:7:      layout_basic
D:8:      layout_basic, minmay_puff
D:9:      layout_rooms, lemuel_mausoleum_altar_kikubaaqudgha, minitemple,
          erik_lair_island, serial_bayou_crossing
D:10:     minmay_the_grid_square_5x5_3x3 [minmay_the_grid_square_5x5_trominoes,
          minmay_the_grid_square_5x5_spiral_small, minmay_the_grid_square_5x5_v,
          minmay_the_grid_square_5x5_beaten_path,
          minmay_the_grid_square_5x5_megaprize_open,
          minmay_the_grid_square_5x5_half_checkered,
          minmay_the_grid_square_5x5_sharp_hourglass,
          minmay_the_grid_square_5x5_z,
          minmay_the_grid_square_5x5_almost_minimal], layout_cave_pods,
          enter_bailey_1
Temple:   nicolae_temple_figure_zero
Bailey:   bailey_polearm_4, bailey

Skill      XL: |  1  2  3  4  5  6  7  8  9 |
---------------+----------------------------+-----
Spellcasting   | 5 6 7 8 10 12 | 12.6
Fighting       | 1 2 |  2.1
Armour         | 1 3 |  3.4
Conjurations   | 2 3 4 5 7 |  7.3
Fire Magic     | 1 3 4 6 |  6.5
Dodging        | 3 4 |  4.0
Stealth        | 3 |  3.0
Air Magic      | 1 |  1.1
Evocations     | 1 |  1.0
Poison Magic   | 1 |  1.1
Shields        | 2 |  2.0
Summonings     | |  1.1
Translocations | |  1.1

Action                   |  1- 3 |  4- 6 |  7- 9 | 10-12 || total
-------------------------+-------+-------+-------+-------++-------
Melee: Mace              |     1 |    32 |   150 |    24 ||   207
 Cast: Magic Dart        |    86 |   125 |   267 |    44 ||   522
       Conjure Flame     |       |     3 |    12 |     6 ||    21
       Mephitic Cloud    |       |     4 |    28 |     6 ||    38
       Blink             |       |       |     5 |       ||     5
       Call Imp          |       |       |     3 |     5 ||     8
Evoke: Wand              |       |     1 |       |       ||     1
  Use: Scroll            |       |       |       |    10 ||    10
 Stab: Confused          |       |       |    15 |     2 ||    17
       Sleeping          |       |       |       |     1 ||     1
Armor: Robe              |     1 |     1 |       |       ||     2
       Leather armour    |       |    10 |    58 |     8 ||    76
Dodge: Dodged            |    16 |    53 |   206 |    22 ||   297
